 Dungeon Crawl Stone Soup version 0.28.0 (webtiles) character file.

Game seed: 1183496783670918307

2132 PieDemon the Cleaver (level 9, -1/81 HPs)
             Began as a Minotaur Fighter on Feb 19, 2022.
             Was an Initiate of Gozag.
             Killed from afar by Harold (32 damage)
             ... with a bolt of acid
             ... on level 8 of the Dungeon.
             The game lasted 00:08:52 (5009 turns).

PieDemon the Cleaver (Minotaur Fighter)             Turns: 5009, Time: 00:08:53

Health: -1/81      AC: 10    Str: 24    XL:     9   Next: 9%
Magic:  8/8        EV: 12    Int:  5    God:    Gozag
Gold:   648        SH:  5    Dex: 11    Spells: 8/8 levels left

rFire   . . .      SeeInvis .   a - +1 war axe
rCold   . . .      Faith    .   c - +0 buckler
rNeg    . . .      Spirit   .   e - +0 chain mail
rPois   .          Reflect  .   (helmet restricted)
rElec   .          Harm     .   h - +1 cloak of Starlight {*Dazzle EV+4 Stlth--}
rCorr   .          Rampage  .   (no gloves)
Will    .....                   t - +0 pair of boots
Stlth   ..........              (no amulet)
HPRegen 0.23/turn               (no ring)
MPRegen 0.11/turn               (no ring)

@: mighty, corroded
A: horns 2, retaliatory headbutt
a: Renounce Religion, Potion Petition, Call Merchant, Bribe Branch


You were on level 8 of the Dungeon.
You worshipped Gozag.
Gozag was pleased with you.
You visited 2 branches of the dungeon, and saw 9 of its levels.

You collected 695 gold pieces.
You paid 47 gold pieces to Gozag.

Inventory:

Hand Weapons
 a - a +1 war axe (weapon)
 f - a +1 mace of protection
Missiles
 q - 3 javelins
 u - a throwing net
Armour
 b - a +0 scale mail
 c - a +0 buckler (worn)
 e - a +0 chain mail (worn)
 h - the +1 cloak of Starlight (worn) {*Dazzle EV+4 Stlth--}
   (You acquired it on level 6 of the Dungeon)

   It may blind those who miss an attack against the wearer in melee combat.
   EV:        It affects your evasion (+4).
   Stlth:     It makes you much less stealthy.
 t - a +0 pair of boots (worn)
Jewellery
 w - a ring of fire
Wands
 m - a wand of paralysis (9)
Scrolls
 g - a scroll of amnesia
 j - a scroll of enchant weapon
 r - a scroll of teleportation
 s - a scroll of magic mapping {unknown}
 x - a scroll of summoning {unknown}
Potions
 d - 3 potions of might
 i - 3 potions of heal wounds {unknown}
 k - a potion of resistance {unknown}
 l - a potion of flight {unknown}
 n - a potion of curing
 o - a potion of haste {unknown}
 p - 2 potions of mutation {unknown}
 v - 2 potions of attraction {unknown}


   Skills:
 + Level 7.8 Fighting
 * Level 10.1 Axes
 + Level 7.9 Armour
 - Level 5.0 Shields


You had 8 spell levels left.
You didn't know any spells.
Your spell library contained the following spells:

 Spells                   Type           Power      Damage    Failure   Level
 Foxfire                  Conj/Fire      0%         2x1d4     99%         1
 Ensorcelled Hibernation  Hex/Ice        0%         N/A       99%         2
 Passwall                 Tmut/Erth      0%         N/A       99%         2
 Conjure Flame            Conj/Fire      0%         6-21      100%        3
 Inner Flame              Hex/Fire       0%         N/A       100%        3
 Swiftness                Air            0%         N/A       100%        3
 Flame Wave               Conj/Fire      0%         2d4       100%        4


Dungeon Overview and Level Annotations

Branches:
Dungeon (8/15)             Temple (1/1) D:4
   Lair: D:8-11

Altars:
Gozag
Hepliaklqana
Sif Muna
Xom

Shops:
D:4 *

Annotations:
D:7 1 transporter
D:8 Harold


Innate Abilities, Weirdness & Mutations

You have a pair of horns on your head.
You reflexively headbutt those who attack you in melee.


Message History

There is an open door here.
You now have 622 gold pieces (gained 19).
Found a stone staircase leading down.
Found a stone staircase leading up.
There is a stone staircase leading up here.
There is an open door here.
Found a stone staircase leading down.
v - 2 golden potions (gained 1)
You now have 638 gold pieces (gained 16).
You now have 648 gold pieces (gained 10).
Found a twisted jewelled staff.
You see here a staff of cold.
The yak bellows! x3; You hear a shout!
You hear a bellow! x3
Harold the Weathered comes into view.
He is wielding a +0 battleaxe and carrying a wand of acid (6).
Harold shouts!
Harold points at you and mumbles some strange words.
You barely resist. Harold hits you with a +0 battleaxe.
You feel very mighty all of a sudden. Harold hits you with a +0 battleaxe!
You hit Harold.
Harold is lightly wounded.
Harold hits you with a +0 battleaxe!
You slash Harold! You headbutt Harold!
Harold is moderately wounded.
Harold zaps a wand.
The bolt of acid hits you! The acid corrodes you!
You hit Harold but do no damage.
Harold is moderately wounded.
Harold zaps a wand.
The bolt of acid misses you.
You slice Harold!!
Harold is severely wounded.
Harold zaps a wand.
The bolt of acid hits you!!
You are too injured to fight recklessly!
Unknown command.
You hit Harold. You headbutt Harold!
Harold is almost dead.
Harold says, "I was hoping my final job would be more of a challenge, but money is money."
Harold zaps a wand.
The bolt of acid hits you!!
You die...
Your body crumbles into a pile of gold.

#.# #.# #.# #.#
#.## #
#.#####..### #.#.
...........#.....
.....#.#.#.....#
####.....@@#####
#.#.#.#.#
#?......#
#.#.#.#.#
#.......#
#.####.## #. ...
# ###


You could see Harold.

Vanquished Creatures
  Grinder (D:6)
  A steam dragon (D:8)
  Eustachio (D:5)
  An ice beast (D:7)
  An orc warrior (D:7)
  A sky beast (D:6)
  An ogre (D:6)
  3 centaurs
  2 necrophages (D:6)
  A bullfrog (D:7)
  A scorpion (D:4)
  A wyvern zombie (D:7)
  4 killer bees (D:6)
  A jelly (D:6)
  2 orc priests
  A centaur skeleton (D:6)
  4 hounds
  An orc wizard (D:7)
  Natasha (D:3)
  A killer bee zombie (D:7)
  A hound zombie (D:5)
  4 gnolls (D:7)
  9 adders
  2 shadow imps (D:7)
  2 ufetubi
  3 dart slugs
  18 orcs
  3 bats
  4 endoplasms
  6 giant cockroaches
  3 goblins (D:2)
  5 hobgoblins
  2 quokkas
  5 ball pythons
  A frilled lizard (D:3)
  8 kobolds
  A rat (D:1)
107 creatures vanquished.

Vanquished Creatures (others)
  A white imp (D:8)
  A plant (D:4)
2 creatures vanquished.

Grand Total: 109 creatures vanquished

Notes
Turn   | Place    | Note
-------+----------+-------------------------------------------
     0 | D:1      | PieDemon the Minotaur Fighter began the quest for the Orb.
     0 | D:1      | Reached XP level 1. HP: 19/19 MP: 0/0
   264 | D:1      | Found a faded altar of an unknown god.
   272 | D:1      | Reached XP level 2. HP: 27/27 MP: 1/1
   347 | D:2      | Reached skill level 3 in Axes
   430 | D:2      | Identified the +1 robe "Tuaruf" {Will- Int+8}
   482 | D:2      | Reached XP level 3. HP: 31/33 MP: 2/2
   893 | D:3      | Reached XP level 4. HP: 31/40 MP: 3/3
  1169 | D:3      | Reached skill level 4 in Axes
  1171 | D:3      | Paralysed by an orc for 3 turns
  1292 | D:3      | Noticed Natasha
  1299 | D:3      | Killed Natasha
  1352 | D:4      | Noticed a scorpion
  1364 | D:4      | Killed a scorpion
  1365 | D:4      | Reached XP level 5. HP: 40/47 MP: 4/4
  1465 | D:4      | Found a staircase to the Ecumenical Temple.
  1478 | Temple   | Entered the Ecumenical Temple
  1517 | Temple   | Became a worshipper of Gozag Ym Sagoz the Greedy
  1565 | D:4      | Found Jymuigadyt's General Store.
  1885 | D:4      | Reached skill level 5 in Axes
  1986 | D:5      | Entered Level 5 of the Dungeon
  2049 | D:5      | Noticed Eustachio
  2057 | D:5      | Killed Eustachio
  2058 | D:5      | Reached skill level 5 in Fighting
  2058 | D:5      | Reached skill level 5 in Armour
  2058 | D:5      | Reached skill level 5 in Shields
  2058 | D:5      | Reached XP level 6. HP: 23/56 MP: 5/5
  2606 | D:6      | Identified a scroll of acquirement
  2606 | D:6      | Acquired the +1 cloak of Starlight {*Dazzle EV+4 Stlth--}
  2606 | D:6      | Found the +1 cloak of Starlight {*Dazzle EV+4 Stlth--}
  2742 | D:6      | Reached skill level 6 in Axes
  2742 | D:6      | Reached XP level 7. HP: 61/61 MP: 6/6
  3021 | D:6      | Found a shimmering altar of Xom.
  3021 | D:6      | Found a shimmering blue altar of Sif Muna.
  3042 | D:6      | Reached skill level 7 in Axes
  3133 | D:6      | Reached XP level 8. HP: 52/71 MP: 7/7
  3487 | D:6      | Reached skill level 8 in Axes
  3927 | D:6      | Noticed Grinder
  3937 | D:6      | Paralysed by Grinder for 2 turns
  3940 | D:6      | Killed Grinder
  4029 | D:7      | Reached skill level 9 in Axes
  4331 | D:7      | Reached skill level 10 in Axes
  4331 | D:7      | Reached XP level 9. HP: 32/80 MP: 8/8
  4606 | D:7      | Noticed a kobold demonologist
  4613 | D:7      | Found a transporter.
  4997 | D:8      | Noticed Harold
  5009 | D:8      | Killed from afar by Harold

Illustrated notes

Levels and vault maps discovered:
D:1:      saegor_arrival_simple_e, layout_rooms,
          chequers_ecumenical_altar_simple_redux
D:2:      minmay_alternating_diamond, layout_loops_ring
D:3:      layout_rooms, st_stairs_5, uniq_jessica, uniq_natasha,
          uniq_crazy_yiuf_cottage
D:4:      kennysheep_goblin_castle, layout_loops_ring,
          minmay_temple_entry_glass, serial_shops, nicolae_stop_n_shop_2,
          chequers_garden, serial_bayou_pond_b, minmay_starry_boxes
D:5:      layout_gridville, hangedman_abyss_or_decor_stagger, uniq_pikel,
          uniq_eustachio
D:6:      layout_layer_cave, mainiacjoe_overflow_divided_tiny,
          nicolae_ossuary_entry_false_entrances, uniq_grinder, uniq_sigmund
D:7:      gammafunk_wand_slinger, layout_loops_ring, kennysheep_little_box,
          nicolae_alphabet_shops, hangedman_decor_points, uniq_joseph,
          uniq_menkaure
D:8:      layout_loops_ring, serial_co_window_serial, co_window_paths_a,
          co_window_paths_a, co_window_paths_b, co_window_corner_a,
          co_window_paths_a, co_window_corner_ca, co_window_of_opportunity_c,
          co_window_corner_b, co_window_2corner, co_window_broadway_a,
          co_window_2corner, co_window_cross_2, glass_columns_b,
          glass_columns_a, glass_columns_b, glass_columns_b,
          grunt_ministairs_15, uniq_harold
Temple:   mainiacjoe_temple_bowtie_tessellation

Skill      XL: |  1  2  3  4  5  6  7  8 |
---------------+-------------------------+-----
Axes           | 3 4 5 6 7 10 | 10.1
Fighting       | 4 5 6 7 |  7.8
Armour         | 4 5 6 7 |  7.9
Shields        | 4 5 |  5.0

Action                   |  1- 3 |  4- 6 |  7- 9 || total
-------------------------+-------+-------+-------++-------
Melee: War axe           |    70 |    92 |   120 ||   282
       Headbutt          |     9 |     9 |    20 ||    38
  Use: Potion            |       |     1 |     2 ||     3
       Scroll            |       |     3 |     1 ||     4
 Stab: Invisible         |       |       |     2 ||     2
Armor: Scale mail        |    30 |    50 |    21 ||   101
       Chain mail        |       |       |    35 ||    35
Dodge: Dodged            |    27 |    30 |    92 ||   149
Block: Buckler           |    18 |    19 |    30 ||    67
